 Dungeon Crawl Stone Soup version 0.24-a0-507-g3e8b2426 (webtiles) character file.

Game seed: 13325270159896351727

97 sighowe the Firebug (level 4, -11/33 HPs)
             Began as a Draconian Fire Elementalist on July 18, 2019.
             Splashed by Ijyb's acid (12 damage)
             ... on level 3 of the Dungeon.
             The game lasted 00:11:45 (3188 turns).

sighowe the Firebug (Draconian Fire Elementalist)   Turns: 3188, Time: 00:11:46

Health: -11/33     AC:  6    Str: 14 (15) XL:     4   Next: 42%
Magic:  5/8        EV: 12    Int: 16      God:
Gold:   138        SH:  0    Dex: 11      Spells: 7/8 levels left

rFire    . . .     SeeInvis .   (no weapon)
rCold    . . .     Gourm    .   (no shield)
rNeg     . . .     Faith    .   (armour unavailable)
rPois    .         Spirit   .   (helmet restricted)
rElec    .         Reflect  .   f - +0 cloak
rCorr    .         Harm     .   (no gloves)
MR       .....                  (no boots)
Stlth    ++........             (no amulet)
HPRegen  0.11/turn              g - +4 ring of strength
MPRegen  0.11/turn              (no ring)

@: no status effects
A: unfitting armour, cold-blooded, AC +5
a: no special abilities


You were on level 3 of the Dungeon.
You were not hungry.

You visited 1 branch of the dungeon, and saw 3 of its levels.

You collected 138 gold pieces.

Inventory:

Missiles
 a - 58 stones (quivered)
 c - 19 poisoned darts
Armour
 b - a +0 cloak
 f - a +0 cloak (worn)
Jewellery
 g - a +4 ring of strength (left hand)
Scrolls
 e - 2 scrolls of teleportation
 h - a scroll of fog {unknown}
Potions
 d - a potion of curing


   Skills:
 + Level 0.2 Fighting
 + Level 2.5 Dodging
 + Level 1.9 Stealth
 + Level 0.2 Unarmed Combat
 + Level 2.9 Spellcasting
 + Level 1.8 Conjurations
 + Level 3.6 Fire Magic


You had 7 spell levels left.
You knew the following spells:

 Your Spells              Type           Power        Failure   Level  Hunger
a - Flame Tongue          Conj/Fire      ##...        6%          1    #......

Your spell library contained the following spells:

 Spells                   Type           Power        Failure   Level  Hunger
 Throw Flame              Conj/Fire      ##....       10%         2    ##.....
 Conjure Flame            Conj/Fire      ##......     19%         3    ###....
 Inner Flame              Hex/Fire       #.......     26%         3    ###....
 Sticky Flame             Conj/Fire      ##......     52%         4    #####..
 Fireball                 Conj/Fire      ##........   86%         5    ######.


Dungeon Overview and Level Annotations

Branches:
Dungeon (3/15)

Altars:
Trog

Annotations:
D:3 Ijyb


Innate Abilities, Weirdness & Mutations

Your plain brown scales are hard. (AC +5)
You cannot fit into any form of body armour.
You are cold-blooded and may be slowed by cold attacks.


Message History

Aiming: Flame Tongue (safe; 6% risk of failure)
Press: ? - help, Shift-Dir - straight line, f/p - Ijyb
Aim: Ijyb, wearing a +0 ring mail and carrying a wand of acid (10) (lightly wounded)
The flame tongue hits Ijyb but does no damage.
Ijyb is lightly wounded.
Ijyb hits you.
Ijyb screams, "Die!"
Ijyb hits you.
Ijyb zaps a wand.
The bolt of acid hits you!
You are splashed with acid!
* * * LOW HITPOINT WARNING * * *
Casting: Flame Tongue (safe; 6% risk of failure)
Confirm with . or Enter, or press ? or * to list all spells.
Aiming: Flame Tongue (safe; 6% risk of failure)
Press: ? - help, Shift-Dir - straight line, f/p - Ijyb
Aim: Ijyb, wearing a +0 ring mail and carrying a wand of acid (9) (lightly wounded)
The flame tongue misses Ijyb.
You feel better.
Ijyb zaps a wand.
The bolt of acid hits you!
* * * LOW HITPOINT WARNING * * *
You are splashed with acid!
You die...

... #.# ^. . ....
##.#.# ...# .....#..#.#
.#. !....#.##.# #..
≈≈≈≈.#.##.#### .. ###.
#......≈.........
.#.....
#...≈≈≈≈......#####...#
#.##.# #...@g......#
#.##.# #.#########.#
#.##.# #.# #
####.##.#####.#
...#.##.......#
..............#
##.#.##########
#.#.########
#.#.........


You could see Ijyb.

Vanquished Creatures
  A gnoll (D:1)
  3 adders (D:2)
  A worm (D:2)
  9 bats
  A giant cockroach (D:1)
  8 goblins
  5 hobgoblins
  10 jackals
  3 frilled lizards
  6 kobolds
  8 rats
55 creatures vanquished.

Notes
Turn   | Place    | Note
-------+----------+-------------------------------------------
     0 | D:1      | sighowe the Draconian Fire Elementalist began the quest for
                  | the Orb.
     0 | D:1      | Reached XP level 1. HP: 14/14 MP: 3/3
   507 | D:1      | Reached XP level 2. HP: 20/20 MP: 1/5
   961 | D:1      | Reached XP level 3. HP: 24/26 MP: 1/6
  2293 | D:2      | Reached XP level 4. HP: 23/33 MP: 0/8
  2923 | D:2      | Found a bloodstained altar of Trog.
  3176 | D:3      | Noticed Ijyb
  3188 | D:3      | HP: 1/33 [Ijyb/bolt of acid (15)]
  3188 | D:3      | Splashed by Ijyb's acid

Levels and vault maps discovered:
D:1:      minmay_arrival_radiant_lines, layout_basic, serial_forest,
          infiniplex_forest_clump_curved, infiniplex_forest_lined_room_2,
          infiniplex_forest_lined_room_2, infiniplex_forest_clump_cross,
          infiniplex_forest_lined_3, lemuel_old_faithful
D:2:      layout_basic, lightli_temple_of_fire, kennysheep_generic_room_10
D:3:      layout_loops_ring, grunt_temple_overflow_gold_and_silver,
          first_ration, chequers_ecumenical_altar_grove, minmay_misc_feat_alley,
          chequers_serial_rivers_micro_d, uniq_ijyb, uniq_grinder, uniq_natasha,
          uniq_purgy, uniq_robin

Skill      XL: |  1 |
---------------+----+-----
Dodging        | 2 |  2.5
Fighting       | |  0.2
Stealth        | |  1.9
Unarmed Combat | |  0.2
Spellcasting   | |  2.9
Conjurations   | |  1.8
Fire Magic     | |  3.6

Action                   |  1- 3 |  4- 6 || total
-------------------------+-------+-------++-------
Melee: Unarmed           |    41 |     4 ||    45
       Club              |     5 |       ||     5
       Tailslap          |     2 |     1 ||     3
Throw: Stone             |     7 |     7 ||    14
 Cast: Flame Tongue      |    80 |    30 ||   110
  Use: Potion            |     5 |     1 ||     6
       Scroll            |     2 |     1 ||     3
  Eat: Chunk             |     5 |     2 ||     7
       Ration            |       |     1 ||     1
Armor: Skin              |    78 |     6 ||    84
Dodge: Dodged            |   109 |     8 ||   117

Table legend:
 A = Non-vault XP
 B = Vault XP
 C = Vault XP percentage of total XP
 D = Non-vault monster count
 E = Vault monster count
 F = Vault count percentage of total count
                 A         B        C        D         E       F
            +---------+---------+-------+---------+---------+-------
      Total |     138 |       1 |   0.7 |      54 |       1 |   1.8
            +---------+---------+-------+---------+---------+-------
        D:1 |      63 |       0 |   0.0 |      31 |       0 |   0.0
        D:2 |      71 |       1 |   1.4 |      20 |       1 |   4.8
        D:3 |       4 |       0 |   0.0 |       3 |       0 |   0.0
            +---------+---------+-------+---------+---------+-------
